 Dungeon Crawl Stone Soup version 0.29-a0-559-g359e09b9d1 (console) character file.

Game seed: 2461486883495182321

154 jejorda2 the Slasher (level 5, -2/46 HPs)
             Began as a Draconian Gladiator on June 10, 2022.
             Succumbed to a gnoll sergeant's poison
             ... on level 3 of the Dungeon.
             The game lasted 00:09:52 (4032 turns).

jejorda2 the Slasher (Draconian Gladiator)          Turns: 4032, Time: 00:09:52

Health: -2/46      AC:  8    Str: 17    XL:     5   Next: 13%
Magic:  5/5        EV: 12    Int:  8    God:
Gold:   64         SH:  0    Dex: 14    Spells: 4/4 levels left

rFire   . . .      SeeInvis .   a - +0 long sword
rCold   . . .      Faith    .   (no shield)
rNeg    . . .      Spirit   .   (body armour unavailable)
rPois   .          Reflect  .   b - +0 hat
rElec   .          Harm     .   g - +0 cloak
rCorr   .          Rampage  .   (no gloves)
Will    .....                   w - +1 pair of boots
Stlth   +.........              (no amulet)
HPRegen 0.15/turn               (no ring)
MPRegen 0.09/turn               (no ring)

@: mighty, lethally poisoned (-2 -> -30)
A: AC +5, unfitting armour, cold-blooded
a: no special abilities


You were on level 3 of the Dungeon.
You visited 1 branch of the dungeon, and saw 4 of its levels.

You collected 170 gold pieces.
You spent 106 gold pieces at shops.

Inventory:

Hand Weapons
 a - a +0 long sword (weapon)
 o - a +1 dagger of venom
Missiles
 c - 2 throwing nets
 d - a javelin
 l - 57 stones (quivered)
 u - 3 boomerangs
Armour
 b - a +0 hat (worn)
 g - a +0 cloak (worn)
 w - a +1 pair of boots (worn)
Jewellery
 f - the ring "Zinlonah" {*Slow rElec rCorr SInv}
   (You acquired it on level 4 of the Dungeon)

   [ring of see invisible]

   rElec:     It insulates you from electricity.
   SInv:      It lets you see invisible.
   rCorr:     It protects you from acid and corrosion.
   *Slow:     It may slow you when you take damage.
Wands
 v - a wand of iceblast (11)
Scrolls
 e - a scroll of poison
 r - a scroll of amnesia
 s - 2 scrolls of fear
Potions
 h - a potion of haste
 m - a potion of flight
 p - a potion of lignification


   Skills:
 + Level 3.7 Fighting
 * Level 5.1 Long Blades
 - Level 1.7 Throwing
 - Level 2.6 Dodging


You had 4 spell levels left.
You didn't know any spells.
Your spell library contained the following spells:

 Spells                   Type           Power      Damage    Failure   Level
 Freeze                   Ice            0%         1d3       41%         1
 Frozen Ramparts          Ice            0%         1d2       78%         3
 Hailstorm                Conj/Ice       0%         3d3       99%         4


Dungeon Overview and Level Annotations

Branches:
Dungeon (4/15)
 Temple: D:4-7

Altars:
Makhleb

Shops:
D:1 *


Innate Abilities, Weirdness & Mutations

Your plain brown scales are hard. (AC +5)
You cannot fit into any form of body armour.
You are cold-blooded and may be slowed by cold attacks.


Message History

The gnoll sergeant misses you.
You hit the gnoll sergeant but do no damage.
The gnoll sergeant is lightly wounded.
You feel very sick.
The gnoll sergeant hits you with a +1 spear of venom!
You hit the gnoll sergeant but do no damage.
You tail-slap the gnoll sergeant, but do no damage.
The gnoll sergeant is lightly wounded.
You feel very sick.
The gnoll sergeant hits you with a +1 spear of venom.
You are more poisoned.
You hit the gnoll sergeant but do no damage.
The gnoll sergeant is lightly wounded.
You feel very sick. The gnoll sergeant barely misses you.
You hit the gnoll sergeant.
You tail-slap the gnoll sergeant, but do no damage.
The gnoll sergeant is moderately wounded.
You feel sick.
The gnoll sergeant hits you with a +1 spear of venom.
You are more poisoned.
You barely miss the gnoll sergeant.
The gnoll sergeant is moderately wounded.
* * * LOW HITPOINT WARNING * * *
You feel very sick.
The gnoll sergeant hits you with a +1 spear of venom!
* * * LOW HITPOINT WARNING * * *
It was a potion of heal wounds.
You feel much better.
You feel sick.
The gnoll sergeant hits you with a +1 spear of venom!
* * * LOW HITPOINT WARNING * * *
You are lethally poisoned!
It was a potion of might.
You feel very mighty all of a sudden.
* * * LOW HITPOINT WARNING * * *
You feel very sick.
The gnoll sergeant hits you but does no damage.
You are more poisoned.
You closely miss the gnoll sergeant. You tail-slap the gnoll sergeant!
The gnoll sergeant is severely wounded.
You die...

#.# #.#.##.#<#. #.#
#)..###...# #.# #.###
##.##
#####.#####.######.##
#...................#
#.####.#.#########..# #.#
##.#.# ###..#
####.###....#######.....
#.....#@......>)........
#.....g.###..###........
#.......# #..# #.......#
##......###..###.......#
#...##.................
##...###....####.......#
#....####.#.# #.......#
##.#.........####........
#............#...........


You could see a gnoll sergeant.

Vanquished Creatures
  3 gnolls (D:2)
  3 adders
  2 worms (D:2)
  4 dart slugs
  10 orcs (D:3)
  6 endoplasms
  2 giant cockroaches
  5 goblins
  5 hobgoblins
  3 jackals (D:1)
  2 quokkas (D:1)
  13 ball pythons
  3 bats
  5 frilled lizards
  3 kobolds
  7 rats
76 creatures vanquished.

Vanquished Creatures (others)
  18 plants
18 creatures vanquished.

Grand Total: 94 creatures vanquished

Notes
Turn   | Place    | Note
-------+----------+-------------------------------------------
     0 | D:1      | jejorda2 the Draconian Gladiator began the quest for the
                  | Orb.
     0 | D:1      | Reached XP level 1. HP: 17/17 MP: 1/1
   113 | D:1      | Reached XP level 2. HP: 21/25 MP: 2/2
   330 | D:1      | Found Niet's Assorted Antiques.
  1163 | D:2      | Reached XP level 3. HP: 30/30 MP: 3/3
  1199 | D:2      | Reached skill level 4 in Long Blades
  1305 | D:2      | Found a burning altar of Makhleb.
  1908 | D:2      | Reached XP level 4. HP: 23/38 MP: 4/4
  2861 | D:1      | Bought a scroll labelled DUEQAA FIAPTY for 28 gold pieces
  2861 | D:1      | Bought a fizzy grey potion for 25 gold pieces
  2861 | D:1      | Bought a scroll labelled DACEX DEFEZA for 28 gold pieces
  2861 | D:1      | Bought a golden potion for 25 gold pieces
  2973 | D:4      | Identified a scroll of acquirement
  2973 | D:4      | Acquired the ring "Zinlonah" {*Slow rElec rCorr SInv}
  3043 | D:3      | Reached skill level 5 in Long Blades
  3467 | D:3      | Reached XP level 5. HP: 45/46 MP: 5/5
  4029 | D:3      | HP: 2/46 [gnoll sergeant/+1 spear of venom (9)]
  4032 | D:3      | Succumbed to a gnoll sergeant's poison

Illustrated notes

Levels and vault maps discovered:
D:1:      eino_arrival_water_cross, layout_basic, serial_shops,
          nicolae_shop_waterfront
D:2:      layout_loops_ring, basic_altar, hex_large, nicolae_grassy_gnolls
D:3:      layout_loops_ring, minmay_shallow_snake_nest
D:4:      layout_gridville, minmay_surrounded, uniq_natasha, uniq_sigmund,
          uniq_crazy_yiuf_cottage

Skill      XL: |  1  2  3  4 |
---------------+-------------+-----
Long Blades    | 4 5 |  5.1
Fighting       | 3 |  3.7
Throwing       | |  1.7
Dodging        | |  2.6

Action                   |  1- 3 |  4- 6 || total
-------------------------+-------+-------++-------
Melee: Long sword        |   122 |    93 ||   215
       Tailslap          |    13 |    13 ||    26
       Punch             |     1 |       ||     1
Throw: Stone             |    17 |    64 ||    81
       Throwing net      |     3 |       ||     3
  Use: Scroll            |       |    11 ||    11
       Potion            |       |     2 ||     2
 Stab: Sleeping          |     1 |       ||     1
       Held in net/web   |     1 |       ||     1
Armor: Skin              |    40 |    23 ||    63
Dodge: Dodged            |   107 |    52 ||   159

Table legend: (Time is in decaauts)
 A = Elapsed time spent in this place.
 B = Non-inter-level travel time spent in this place.
 C = Inter-level travel time spent in this place.
 D = Time resting spent in this place.
 E = Time spent auto-exploring this place.
 F = Levels seen in this place.
 G = Mean time per level.
                   A        B        C        D        E       F      G
               +--------+--------+--------+--------+--------+-----+--------+
         Total |   4082 |   3761 |    321 |    221 |   2850 |   4 | 1020.5 |
       Dungeon |   4082 |   3761 |    321 |    221 |   2850 |   4 | 1020.5 |
               +--------+--------+--------+--------+--------+-----+--------+

Top non-repeatable levels by time:
     D:3: 1393 daAuts
     D:2: 1384 daAuts
     D:1: 1243 daAuts
     D:4: 60 daAuts
